 Dungeon Crawl Stone Soup version 0.31.0-12-g77e489cdc1 (webtiles) character file.

Game seed: 5341184512297528833

20773 ProLineLover the Cleaver (level 12, -11/126 HPs)
             Began as an Oni Fighter on Mar 4, 2024.
             Was the Champion of Jiyva.
             Killed from afar by an ironbound frostheart (15 damage)
             ... by creeping frost
             ... in an ice cave.
             The game lasted 00:25:26 (8630 turns).

ProLineLover the Cleaver (Oni Fighter)              Turns: 8630, Time: 00:25:32

Health: -11/126    AC: 10    Str: 27    XL:     12   Next: 83%
Magic:  19/19      EV: 11    Int: 10    God:    Jiyva [******]
Gold:   163        SH:  9    Dex:  9    Spells: 18/21 levels left

rFire   . . .        q - +2 war axe (elec)
rCold   + . .        c - +0 kite shield
rNeg    + . .        b - +0 robe
rPois   .            (helmet restricted)
rElec   +            l - +0 cloak {rCorr}
rCorr   +            (gloves unavailable)
SInv    .            (boots unavailable)
Will    +....        (no amulet)
Stlth   ++           k - ring of the Death Scarab {rElec rC+ rCorr}
HPRegen 2.01/turn    i - ring of positive energy
MPRegen 0.96/turn

%: no passive effects
@: on berserk cooldown, slowed, very slow
A: large, unfitting armour, horns 1, tough skin 1, double potion healing,
drunken brawling, iridescent scales 3, strong 1, gelatinous body 1, pseudopods
3, tendrils
a: Renounce Religion, Oozemancy, Slimify


You were in an ice cave.
You worshipped Jiyva.
Jiyva was exalted by your worship.
You visited 2 branches of the dungeon, and saw 12 of its levels.
You also visited: Ice Cave.

You collected 307 gold pieces.
You spent 144 gold pieces at shops.

Inventory:

Hand Weapons
 q - a +2 war axe of electrocution (weapon)
Missiles
 j - 4 boomerangs (quivered)
 o - 4 javelins
 p - a throwing net
 v - 8 large rocks
Armour
 b - a +0 robe (worn)
 c - a +0 kite shield (worn)
 l - a +0 cloak of preservation (worn)
Jewellery
 i - a ring of positive energy (right hand)
 k - the ring of the Death Scarab (left hand) {rElec rC+ rCorr}
   (You found it on level 3 of the Dungeon)

   [ring of protection from cold]

   rC+:       It protects you from cold.
   rElec:     It insulates you from electricity.
   rCorr:     It protects you from acid and corrosion.
Talismans
 u - a serpent talisman
Wands
 g - a wand of roots (12)
 s - a wand of light (7)
 t - a wand of digging (6)
 x - a wand of flame (10)
Scrolls
 r - 3 scrolls of teleportation
 w - a scroll of vulnerability
Potions
 a - a potion of haste {unknown}
 d - a potion of might
 e - a potion of lignification {unknown}
 f - 2 potions of resistance
 h - a potion of berserk rage
 m - a potion of magic {unknown}


   Skills:
 * Level 10.0 Fighting
 * Level 10.5 Axes
 * Level 5.7 Throwing
 * Level 5.3 Armour
 * Level 7.4 Dodging
 * Level 4.7 Stealth
 * Level 6.5 Shields
 * Level 5.1 Spellcasting
 * Level 4.0 Hexes
 * Level 3.9 Evocations
 * Level 3.8 Shapeshifting


You had 18 spell levels left.
You knew the following spells:

 Your Spells              Type           Power      Damage    Failure   Level
a - Tukima's Dance        Hex            10%        N/A       22%         3

Your spell library contained the following spells:

 Spells                   Type           Power      Damage    Failure   Level
 Dimensional Bullseye     Hex/Tloc       3%         N/A       87%         4
 Iskenderun's Mystic Bla  Conj/Tloc      2%         2d3       99%         4
 Passage of Golubria      Tloc           2%         N/A       99%         4
 Yara's Violent Unravell  Hex/Alch       3%         3d4       99%         5


Dungeon Overview and Level Annotations

Branches:
Dungeon (10/15)            Temple (0/1) D:7            Lair (2/5) D:10
 Shoals (0/4) Lair:2       Spider (0/4) Lair:2        IceCv (1/1)
    Orc: D:9-12

Altars:
Sif Muna
Trog
Vehumet
Jiyva

Shops:
D:4 *   D:5 *


Innate Abilities, Weirdness & Mutations

You are too large for most types of armour.
You have a pair of small horns on your head.
You have tough skin. (AC +1)
You gain doubled healing and magic from potions.
Whenever you drink a healing potion, you attack all around you.
You are completely covered in iridescent scales. (AC +6)
Your muscles are strong. (Str +4, Int/Dex -1)
Your rubbery body absorbs attacks. (AC +1, EV +1)
Armour fits poorly on your massive pseudopods.
You are covered in slimy tendrils that may disarm your opponents.


Message History

You block the death yak's attack.
You slash the death yak! You headbutt the death yak!
You bludgeon the death yak!!
The death yak is severely wounded.
The death yak gores you.
* * * LOW HITPOINT WARNING * * *
You slash the death yak!
Lightning courses through the death yak!
You bludgeon the death yak!
You kill the death yak!
Your Fighting skill increases to level 10!
A death yak comes into view.
The death yak bellows!
The ironbound frostheart is no longer blind.
The ironbound frostheart calls freezing cold from the walls.
The frost grips you!! You resist.
* * * LOW HITPOINT WARNING * * *
You are encased in ice.
You block the polar bear's attack. The polar bear claws you.
* * * LOW HITPOINT WARNING * * *
The polar bear closely misses you.
Things that are here:
a +0 scale mail; a human corpse; a death yak corpse You slice the polar bear!!
Lightning courses through the polar bear!
You bludgeon the polar bear!
The polar bear is almost dead.
You barely miss the ironbound frostheart.
The ironbound frostheart calls freezing cold from the walls.
The frost grips you! You resist.
* * * LOW HITPOINT WARNING * * *
You see here a death yak corpse.
You feel a strong urge to attack something.
You are no longer berserk.
You are exhausted.
You feel yourself slow down. The ice encasing you melts away.
The ironbound frostheart calls freezing cold from the walls.
The frost grips you! You resist.
You die...

##..## #..# #
#...# #.## ##.
#...# #..#
#.###..## ##..
#.##..## #..
#.##†## ##.
#.##..# [# #.
####h.##.##.⌠p#
##
#@†[Y∩.......?#
#
####pY###..#.##
# #.## ### #.#
#h# ##. ≈ . #≈#
. ≈ #


You could see 2 death yaks, an ironbound frostheart and a polar bear.

Vanquished Creatures
  An ironbound frostheart (IceCv)
  A two-headed ogre (D:9)
  3 death yaks (IceCv)
  A boulder beetle (Lair:1)
  The ghost of spaghetti the Fighter, a novice DsCK of Xom (D:5)
  2 black mambas
  6 elephants (Lair:2)
  An ice statue (IceCv)
  An unseen horror (D:10)
  3 cane toads (Lair:1)
  2 ice devils (Lair:2)
  A troll (D:10)
  2 rime drakes
  A komodo dragon (Lair:1)
  8 polar bears (IceCv)
  A wraith (D:9)
  28 yaks
  A wyvern (D:10)
  Menkaure (D:5)
  Duvessa (D:7)
  3 water moccasins
  An acid dragon (D:10)
  6 ice beasts
  A black bear (D:7)
  A sky beast (D:7)
  3 orc warriors
  An ogre (D:4)
  16 wolves
  A centaur (D:7)
  A phantom (D:6)
  7 bullfrogs
  2 scorpions
  6 bombardier beetles
  3 hounds
  Crazy Yiuf (D:3)
  8 orc priests
  2 gnoll boudas
  A bullfrog skeleton (D:5)
  An iguana (D:7)
  9 orc wizards
  15 hell rats
  9 gnolls
  3 adders
  12 river rats (Lair:1)
  2 white imps
  2 ribbon worms
  A dart slug (D:1)
  22 orcs
  5 ball pythons
  3 giant cockroaches
  8 goblins
  4 hobgoblins
  5 kobolds
  6 quokkas
  A bat (D:3)
  A frilled lizard (D:3)
  15 rats
254 creatures vanquished.

Vanquished Creatures (collateral kills)
  A boulder beetle (Lair:1)
  A bullfrog skeleton (D:5)
  A howler monkey zombie (D:5)
3 creatures vanquished.

Vanquished Creatures (others)
  An acid blob (IceCv)
  2 death yaks (IceCv)
  Grinder (D:5)
  The ghost of superradish the Insei, an amateur OpSh (D:4)
  A water moccasin (Lair:1)
  3 wolves
  A bullfrog (D:6)
  A scorpion (D:6)
  Dowan (D:7)
  A bombardier beetle (D:5)
  24 jellies
  Natasha (thrice) (D:2)
  4 orc wizards (D:9)
  Robin (D:2)
  A gnoll (D:5)
  3 adders
  A shadow imp (D:6)
  2 dart slugs (D:4)
  A ribbon worm (D:2)
  4 orcs
  2 ball pythons
  9 goblins
  4 hobgoblins
  3 jackals (D:4)
  A kobold (D:3)
  A quokka (D:2)
  A frilled lizard (D:1)
  A rat (D:2)
79 creatures vanquished.

Grand Total: 336 creatures vanquished

Notes
Turn   | Place    | Note
-------+----------+-------------------------------------------
     0 | D:1      | ProLineLover the Oni Fighter began the quest for the Orb.
     0 | D:1      | Reached XP level 1. HP: 24/24 MP: 1/1
   191 | D:1      | Found a faded altar of an unknown god.
   197 | D:1      | Reached XP level 2. HP: 32/32 MP: 2/2
   238 | D:1      | Prayed at the altar of an unknown god.
   238 | D:1      | Became a worshipper of Jiyva Jitecran the Shapeless
   238 | D:1      | Reached * piety under Jiyva
   788 | D:2      | Reached XP level 3. HP: 39/39 MP: 3/3
   837 | D:2      | Reached ** piety under Jiyva
  1023 | D:2      | Killed Robin
  1146 | D:2      | Noticed Natasha
  1151 | D:2      | Killed Natasha
  1161 | D:2      | Killed Natasha
  1264 | D:2      | Killed Natasha
  1675 | D:3      | Reached XP level 4. HP: 40/49 MP: 4/4
  1728 | D:3      | Identified the ring of the Death Scarab {rElec rC+ rCorr}
  1782 | D:3      | Reached *** piety under Jiyva
  1789 | D:3      | Found a runed translucent door.
  1790 | D:3      | Noticed Crazy Yiuf
  1794 | D:3      | Paralysed by Crazy Yiuf for 1 turns
  1799 | D:3      | Killed Crazy Yiuf
  1928 | D:3      | Reached skill level 1 in Stealth
  1928 | D:3      | Reached XP level 5. HP: 55/55 MP: 5/5
  1954 | D:3      | You fall into a shaft and drop 3 floors!
  1969 | D:6      | Reached skill level 1 in Armour
  1996 | D:6      | Reached skill level 1 in Throwing
  2072 | D:6      | Reached XP level 6. HP: 53/65 MP: 6/6
  2101 | D:6      | Reached skill level 5 in Fighting
  2127 | D:5      | Entered Level 5 of the Dungeon
  2145 | D:5      | Found a runed translucent gate.
  2146 | D:5      | Found a runed translucent gate.
  2147 | D:5      | Found a runed translucent gate.
  2149 | D:5      | Noticed spaghetti's ghost (novice DsCK)
  2159 | D:5      | Reached XP level 7. HP: 72/72 MP: 7/7
  2183 | D:5      | Killed spaghetti's ghost
  2184 | D:5      | Reached skill level 5 in Axes
  2212 | D:5      | Noticed Menkaure
  2233 | D:5      | Killed Menkaure
  2234 | D:5      | Reached XP level 8. HP: 55/83 MP: 8/8
  2265 | D:4      | Found a runed translucent door.
  2266 | D:4      | Noticed superradish's ghost (amateur OpSh)
  2340 | D:4      | Gained mutation: Your muscles are strong. (Str +4, Int/Dex
                  | -1) [Jiyva's grace]
  2340 | D:4      | Gained mutation: Your muscles are very strong. (Str +8,
                  | Int/Dex -2) [Jiyva's grace]
  2340 | D:4      | Gained mutation: Your translucent skin slightly reduces
                  | your foes' accuracy. (Stealth+) [Jiyva's grace]
  2340 | D:4      | Gained mutation: Your translucent skin reduces your foes'
                  | accuracy. (Stealth+) [Jiyva's grace]
  2893 | D:4      | Found Cafa Citir's General Store.
  2903 | D:4      | Bought a wand of roots (5) for 144 gold pieces
  2910 | D:4      | Reached **** piety under Jiyva
  3149 | D:4      | Killed superradish's ghost
  3282 | D:5      | Found Uruetaoh's Assorted Antiques.
  3310 | D:5      | Noticed Grinder
  3321 | D:5      | Paralysed by Grinder for 4 turns
  3337 | D:5      | Killed Grinder
  3582 | D:6      | Learned a level 3 spell: Tukima's Dance
  3730 | D:6      | Reached ***** piety under Jiyva
  3732 | D:6      | Found a bloodstained altar of Trog.
  3736 | D:6      | Found a shimmering blue altar of Sif Muna.
  3835 | D:6      | Reached XP level 9. HP: 92/92 MP: 8/10
  4078 | D:7      | Reached skill level 1 in Evocations
  4189 | D:7      | Reached skill level 1 in Spellcasting
  4355 | D:7      | Found a radiant altar of Vehumet.
  4424 | D:7      | Reached skill level 1 in Hexes
  4449 | D:7      | Killed Dowan
  4453 | D:7      | Reached skill level 5 in Dodging
  4523 | D:7      | Found a staircase to the Ecumenical Temple.
  4580 | D:7      | Noticed Duvessa
  4588 | D:7      | Killed Duvessa
  5031 | D:8      | Lost mutation: Your translucent skin reduces your foes'
                  | accuracy. (Stealth+) [Jiyva's grace]
  5031 | D:8      | Gained mutation: Armour fits poorly on your pseudopods.
                  | [Jiyva's grace]
  5031 | D:8      | Gained mutation: Armour fits poorly on your large
                  | pseudopods. [Jiyva's grace]
  5031 | D:8      | Gained mutation: Armour fits poorly on your massive
                  | pseudopods. [Jiyva's grace]
  5031 | D:8      | Gained mutation: Your rubbery body absorbs attacks. (AC +1,
                  | EV +1) [Jiyva's grace]
  5437 | D:8      | Identified the +8 chain mail "Xuilay" {Regen+}
  5650 | D:9      | Noticed a two-headed ogre
  5655 | D:9      | Killed a two-headed ogre
  5656 | D:9      | Reached skill level 1 in Shapeshifting
  5656 | D:9      | Reached XP level 10. HP: 102/102 MP: 13/13
  5686 | D:9      | Reached skill level 5 in Shields
  6302 | D:10     | Entered Level 10 of the Dungeon
  6357 | D:10     | Found a staircase to the Lair.
  6653 | D:10     | Reached ****** piety under Jiyva
  6952 | D:10     | Killed an unseen horror
  6984 | D:10     | Reached XP level 11. HP: 105/111 MP: 16/16
  7162 | Lair:1   | Entered Level 1 of the Lair of Beasts
  7260 | Lair:1   | Noticed a boulder beetle
  7294 | Lair:1   | Killed a boulder beetle
  7491 | Lair:1   | Lost mutation: Your muscles are very strong. (Str +8,
                  | Int/Dex -2) [Jiyva's grace]
  7491 | Lair:1   | Lost mutation: Your translucent skin slightly reduces your
                  | foes' accuracy. (Stealth+) [Jiyva's grace]
  7491 | Lair:1   | Gained mutation: You are covered in slimy tendrils that may
                  | disarm your opponents. [Jiyva's grace]
  7491 | Lair:1   | Gained mutation: You are partially covered in iridescent
                  | scales. (AC +2) [Jiyva's grace]
  7491 | Lair:1   | Gained mutation: You are mostly covered in iridescent
                  | scales. (AC +4) [Jiyva's grace]
  7491 | Lair:1   | Gained mutation: You are completely covered in iridescent
                  | scales. (AC +6) [Jiyva's grace]
  7508 | Lair:1   | Noticed a boulder beetle
  7554 | Lair:1   | Killed a boulder beetle
  8011 | Lair:2   | Reached skill level 5 in Throwing
  8130 | Lair:2   | Found a frozen archway.
  8148 | Lair:2   | Reached XP level 12. HP: 108/123 MP: 18/18
  8161 | IceCv    | Entered an ice cave
  8278 | IceCv    | Reached skill level 5 in Armour
  8392 | IceCv    | Reached skill level 10 in Axes
  8552 | IceCv    | Noticed a death yak
  8560 | IceCv    | Killed a death yak
  8584 | IceCv    | Noticed a death yak
  8584 | IceCv    | Noticed a death yak
  8584 | IceCv    | Noticed an ironbound frostheart
  8585 | IceCv    | Noticed a death yak
  8585 | IceCv    | Noticed a death yak
  8605 | IceCv    | HP: 1/126 [death yak (12)]
  8606 | IceCv    | Killed a death yak
  8607 | IceCv    | Reached skill level 5 in Spellcasting
  8607 | IceCv    | Noticed a death yak
  8609 | IceCv    | Slimified a death yak
  8609 | IceCv    | a death yak changed into an acid blob
  8609 | IceCv    | Noticed an acid blob
  8611 | IceCv    | Killed a death yak
  8614 | IceCv    | Noticed an ironbound frostheart
  8615 | IceCv    | Killed a death yak
  8616 | IceCv    | Killed an acid blob
  8617 | IceCv    | Killed an ironbound frostheart
  8618 | IceCv    | Noticed a death yak
  8626 | IceCv    | Killed a death yak
  8627 | IceCv    | Reached skill level 10 in Fighting
  8627 | IceCv    | Noticed a death yak
  8628 | IceCv    | HP: 3/189 [ironbound frostheart/creeping frost (12)]
  8630 | IceCv    | Killed from afar by an ironbound frostheart

Illustrated notes

Levels and vault maps discovered:
D:1:      elethiomel_arrival_infinity_welcomes_careful_drivers, layout_basic,
          basic_ecumenical_altar
D:2:      layout_loops_cross, nicolae_underground_beach, uniq_natasha,
          uniq_robin
D:3:      layout_basic, corner_web_ring, uniq_crazy_yiuf_cottage
D:4:      layout_rooms, ebering_ghost_sewer_d, serial_shops, shop,
          chequers_jeans, grunt_decor_resistance
D:5:      layout_rooms, gammafunk_ghost_necromancy, serial_shops,
          nicolae_shop_hallway_plus, moated_statue, uniq_menkaure, uniq_grinder
D:6:      layout_rooms, hellmonk_overflow_destroyed_library
D:7:      layout_basic, vehumet_crystals, minmay_temple_entry_antechambers,
          uniq_duvessa
D:8:      layout_cave_pools
D:9:      layout_loops_ring
D:10:     layout_grid_maze, hellmonk_lair_entry_icy
Lair:1:   lemuel_ratsnest, layout_chaotic_city
Lair:2:   layout_roguey, mainiacjoe_shoals_entry_four_pools,
          nicolae_spider_entry_orb_guardian, portal_ice_cave_demonic_guard,
          minivault_19, uniq_urug
IceCv:    ice_cave_caverns_01

Skill      XL: |  1  2  3  4  5  6  7  8  9 10 11 12 |
---------------+-------------------------------------+-----
Shields        | 3 4 5 6 |  6.5
Dodging        | 3 4 5 6 7 |  7.4
Axes           | 3 4 5 6 7 8 9 10 | 10.5
Stealth        | 1 2 3 4 |  4.7
Armour         | 1 2 3 4 5 |  5.3
Throwing       | 1 2 3 4 5 |  5.7
Fighting       | 5 6 7 8 9 10 | 10.0
Evocations     | 1 2 3 |  3.9
Spellcasting   | 2 3 4 5 |  5.1
Hexes          | 1 2 3 4 |  4.0
Shapeshifting  | 1 2 3 |  3.8

Action                     |  1- 3 |  4- 6 |  7- 9 | 10-12 || total
---------------------------+-------+-------+-------+-------++-------
  Melee: War axe           |    72 |    62 |   200 |   380 ||   714
         Headbutt          |     2 |    10 |    32 |    68 ||   112
         Pseudopods        |       |       |     5 |    84 ||    89
  Throw: Boomerang         |    13 |       |    39 |    22 ||    74
 Invoke: Oozemancy         |       |       |     1 |     1 ||     2
         Slimify           |       |       |       |     1 ||     1
  Evoke: Wand              |       |       |     3 |    10 ||    13
    Use: Scroll            |     5 |     3 |     6 |     5 ||    19
         Potion            |       |     1 |     3 |     6 ||    10
   Stab: Sleeping          |       |       |     1 |     1 ||     2
         Invisible         |       |       |       |     1 ||     1
 Armour: Robe              |    55 |    57 |   180 |   405 ||   697
  Dodge: Dodged            |    28 |    27 |    99 |   260 ||   414
  Block: Kite shield       |    31 |    39 |   110 |   248 ||   428
